 Dungeon Crawl Stone Soup version 0.30.1-1-g62c8e00024 (webtiles) character file.

Game seed: 3678606360475228600

2473 Cheops the Basher (level 9, -7/70 HPs)
             Began as a Minotaur Fighter on July 16, 2023.
             Mangled by a rust devil (12 damage)
             ... on level 5 of the Dungeon.
             The game lasted 00:14:52 (5935 turns).

Cheops the Basher (Minotaur Fighter)                Turns: 5935, Time: 00:14:52

Health: -7/70      AC: -26   Str: 32    XL:     9   Next: 26%
Magic:  8/8        EV:  9    Int:  5    God:
Gold:   294        SH:  5    Dex:  9    Spells: 8/8 levels left

rFire   . . .        a - +1 flail
rCold   . . .        c - +0 buckler
rNeg    . . .        I - +0 chain mail
rPois   +            (helmet restricted)
rElec   .            p - +0 cloak
rCorr   .            t - +0 pair of gloves
SInv    .            (no boots)
Will    .....        s - amulet of the acrobat Stlth
                     g - +6 ring of strength
HPRegen 0.31/turn    H - ring of poison resistance
MPRegen 0.11/turn

%: acrobat
@: mighty, corroded
A: horns 2, retaliatory headbutt
a: no special abilities


You were on level 5 of the Dungeon.
You visited 1 branch of the dungeon, and saw 6 of its levels.
You also visited: Ossuary.

You collected 294 gold pieces.

Inventory:

Hand Weapons
 a - a +1 flail (weapon)
 y - a +0 morningstar
 D - a +1 mace of protection
Missiles
 B - 2 throwing nets (quivered)
Armour
 c - a +0 buckler (worn)
 p - a +0 cloak (worn)
 t - a +0 pair of gloves (worn)
 A - a +2 ring mail of fire resistance
 I - a +0 chain mail (worn)
Jewellery
 g - a +6 ring of strength (left hand)
 q - a ring of resist corrosion
 s - an amulet of the acrobat (around neck)
 z - a ring of ice
 G - a ring of positive energy
 H - a ring of poison resistance (right hand)
Wands
 r - a wand of iceblast (6)
Scrolls
 e - 3 scrolls of enchant weapon
 i - 2 scrolls of magic mapping {unknown}
 j - 3 scrolls of identify {unknown}
 k - 4 scrolls of teleportation
 o - a scroll of fear {unknown}
 u - a scroll of noise {unknown}
 w - 3 scrolls of blinking {unknown}
 E - a scroll of amnesia
Potions
 d - a potion of berserk rage {unknown}
 f - 2 potions of degeneration {unknown}
 h - 3 potions of heal wounds {unknown}
 l - 2 potions of brilliance {unknown}
 m - a potion of invisibility {unknown}
 n - 3 potions of lignification {unknown}
 v - 4 potions of curing {unknown}
 x - a potion of might
 C - 2 potions of resistance {unknown}
 F - a potion of flight {unknown}


   Skills:
 - Level 3.6 Fighting
 * Level 12.3 Maces & Flails
 - Level 8.0 Armour
 + Level 6.2 Shields


You had 8 spell levels left.
You didn't know any spells.
Your spell library contained the following spells:

 Spells                   Type           Power      Damage    Failure   Level
 Blink                    Tloc           0%         N/A       96%         2
 Lesser Beckoning         Tloc           0%         N/A       96%         2
 Momentum Strike          Conj/Tloc      0%         3d8       96%         2
 Sublimation of Blood     Necr           0%         N/A       96%         2
 Call Canine Familiar     Summ           0%         N/A       99%         3
 Gell's Gravitas          Tloc           0%         N/A       99%         3
 Portal Projectile        Hex/Tloc       0%         N/A       99%         3
 Teleport Other           Tloc           0%         N/A       99%         3
 Leda's Liquefaction      Hex/Erth       0%         N/A       100%        4
 Petrify                  Tmut/Erth      0%         N/A       100%        4
 Summon Lightning Spire   Summ/Air       0%         N/A       100%        4
 Irradiate                Conj/Tmut      0%         3d11      100%        5
 Storm Form               Tmut/Air       0%         N/A       100%        7
 Maxwell's Capacitive Co  Air            0%         ∞         100%        8


Dungeon Overview and Level Annotations

Branches:
Dungeon (6/15)            Ossuary (visited)
 Temple: D:4-7

Altars:
Vehumet

Annotations:
D:6 find stair up


Innate Abilities, Weirdness & Mutations

You have a pair of horns on your head.
You reflexively headbutt those who attack you in melee.


Message History

The rust devil corrodes you!
You hit the rust devil but do no damage.
The rust devil is heavily wounded.
The rust devil hits you!
* * * LOW HITPOINT WARNING * * *
The rust devil corrodes you!
You hit the rust devil but do no damage.
You headbutt the rust devil, but do no damage.
The rust devil is heavily wounded.
The rust devil hits you.
* * * LOW HITPOINT WARNING * * *
The rust devil corrodes you!
You hit the rust devil but do no damage.
The rust devil is heavily wounded.
The rust devil hits you!
* * * LOW HITPOINT WARNING * * *
The rust devil corrodes you!
You hit the rust devil but do no damage.
The rust devil is moderately wounded.
The rust devil hits you.
* * * LOW HITPOINT WARNING * * *
The rust devil corrodes you!
You hit the rust devil but do no damage.
You headbutt the rust devil, but do no damage.
The rust devil is moderately wounded.
You hit the rust devil but do no damage.
You headbutt the rust devil, but do no damage.
The rust devil is moderately wounded.
The rust devil hits you!
* * * LOW HITPOINT WARNING * * *
The rust devil corrodes you!
You barely miss the rust devil. Your headbutt misses the rust devil.
The rust devil is moderately wounded.
The rust devil hits you.
* * * LOW HITPOINT WARNING * * *
The rust devil corrodes you!
You barely miss the rust devil. You headbutt the rust devil.
The rust devil is heavily wounded.
The rust devil hits you!
You die...

###..#.........................
####...†.......##............
##.........####...........
#..........###...........
##.........##.........##. ###
#..........#.....###....
##.####......###.......#......
#....###...###>###..#.....#...
#......#..##♣@..♣##....#####..
##.....†..#)..4).)#....# #...
##...##.###.....###.######...
##......# +..8..+ #.#........
#...##..###.....###..........
#...##...#).....)#...........
##.####..##♣...♣##.##......##
### #....###∩###..###..####.
##.#...###....###.### ##


You could see a rust devil.

Vanquished Creatures
  A rust devil (D:5)
  Sigmund (D:2)
  2 black bears (D:4)
  2 orc warriors (D:5)
  3 ogres
  2 phantoms (D:5)
  A kobold brigand (D:4)
  2 water moccasin zombies (Ossuary)
  A scorpion (D:5)
  3 howler monkeys (D:4)
  3 jellies (D:5)
  4 hounds
  A sleepcap (D:5)
  Crazy Yiuf (D:5)
  A gnoll bouda (D:4)
  3 orc priests
  An iguana (D:6)
  2 orc wizards
  2 mummies (Ossuary)
  18 gnolls (D:4)
  4 adders
  A shadow imp (D:6)
  An ufetubus (D:3)
  6 adder zombies (Ossuary)
  A dart slug (D:2)
  27 orcs
  5 ball pythons
  3 bats
  6 endoplasms
  5 giant cockroaches
  10 goblins
  6 hobgoblins
  20 jackals
  4 quokkas
  4 frilled lizards
  A gnoll zombie (Ossuary)
  3 hobgoblin zombies (Ossuary)
  4 kobolds
  6 kobold zombies (Ossuary)
  7 orc zombies (Ossuary)
  7 rats
  A rat zombie (D:4)
186 creatures vanquished.

Notes
Turn   | Place    | Note
-------+----------+-------------------------------------------
     0 | D:1      | Cheops the Minotaur Fighter began the quest for the Orb.
     0 | D:1      | Reached XP level 1. HP: 19/19 MP: 0/0
    74 | D:1      | Found a faded altar of an unknown god.
    84 | D:1      | Reached skill level 3 in Maces & Flails
    86 | D:1      | Reached XP level 2. HP: 13/26 MP: 1/1
   864 | D:2      | Reached XP level 3. HP: 30/31 MP: 2/2
   964 | D:2      | Noticed Sigmund
   965 | D:2      | Reached skill level 4 in Maces & Flails
   972 | D:2      | Killed Sigmund
   973 | D:2      | Reached skill level 5 in Maces & Flails
   973 | D:2      | Reached skill level 5 in Armour
   973 | D:2      | Reached XP level 4. HP: 12/39 MP: 3/3
   973 | D:2      | Reached XP level 5. HP: 14/45 MP: 4/4
  1192 | D:2      | Reached skill level 6 in Maces & Flails
  1878 | D:3      | Noticed an ogre
  1882 | D:3      | Killed an ogre
  1883 | D:3      | Reached XP level 6. HP: 29/51 MP: 5/5
  2059 | D:3      | Reached skill level 7 in Maces & Flails
  2669 | D:4      | Reached XP level 7. HP: 57/57 MP: 6/6
  2708 | D:4      | Found a radiant altar of Vehumet.
  2723 | D:4      | Reached skill level 8 in Maces & Flails
  2917 | D:4      | Found a sand-covered staircase.
  2936 | Ossuary  | Entered an ossuary
  3132 | Ossuary  | Reached skill level 9 in Maces & Flails
  3621 | D:4      | Reached XP level 8. HP: 54/64 MP: 7/7
  3853 | D:4      | Reached skill level 10 in Maces & Flails
  4655 | D:5      | Entered Level 5 of the Dungeon
  4979 | D:5      | Reached skill level 11 in Maces & Flails
  5231 | D:5      | Reached skill level 5 in Shields
  5534 | D:5      | Found a runed translucent door.
  5535 | D:5      | Noticed Crazy Yiuf
  5542 | D:5      | Killed Crazy Yiuf
  5879 | D:6      | Reached XP level 9. HP: 62/70 MP: 8/8
  5914 | D:5      | Noticed a rust devil
  5914 | D:5      | Noticed a rust devil
  5924 | D:5      | Killed a rust devil
  5925 | D:5      | Reached skill level 12 in Maces & Flails
  5935 | D:5      | Mangled by a rust devil

Illustrated notes

Levels and vault maps discovered:
D:1:      minmay_arrival_jagged, layout_loops_ring,
          hellmonk_ecumenical_altar_dog_temple, minmay_stone_trees_large
D:2:      layout_loops_cross, uniq_sigmund
D:3:      layout_basic
D:4:      lemuel_castle_with_subvaults [lemuel_castle_interior_original],
          layout_loops_ring, nicolae_vehumet_radiance, enter_ossuary_3,
          chequers_serial_rivers_room_b, corexii_corridor_pit
D:5:      cheibrodos_iron_armory, layout_cave_pools, uniq_crazy_yiuf_cottage
D:6:      corexii_shantytown, layout_basic, mainiacjoe_overflow_surrounded_room,
          minmay_temple_entry_drinking_statues

Skill      XL: |  1  2  3  4  5  6  7  8  9 |
---------------+----------------------------+-----
Maces & Flails | 3 5 6 7 9 11 12 | 12.3
Armour         | 4 5 6 7 8 |  8.0
Shields        | 5 6 |  6.2
Fighting       | |  3.6

Action                     |  1- 3 |  4- 6 |  7- 9 || total
---------------------------+-------+-------+-------++-------
  Melee: Flail             |    60 |   106 |   302 ||   468
         Headbutt          |     7 |     8 |    45 ||    60
  Evoke: Wand              |       |       |     2 ||     2
    Use: Potion            |     1 |       |     1 ||     2
         Scroll            |       |     1 |     5 ||     6
 Armour: Scale mail        |    37 |    38 |    77 ||   152
         Ring mail         |       |       |    31 ||    31
         Chain mail        |       |       |     2 ||     2
  Dodge: Dodged            |    25 |    35 |   170 ||   230
  Block: Buckler           |    21 |     8 |    67 ||    96
